 Dungeon Crawl Stone Soup version 0.29-a0-664-gff9cad4a3d (webtiles) character file.

Game seed: 2883450652759399511

1638 xian the Slasher (level 8, -6/70 HPs)
             Began as a Grey Draconian Fighter on June 23, 2022.
             Was an Initiate of Wu Jian.
             Killed by divine providence
             ... invoked by an orc priest
              (16 damage)
             ... on level 6 of the Dungeon.
             The game lasted 00:16:52 (7251 turns).

xian the Slasher (Grey Draconian Fighter)           Turns: 7251, Time: 00:16:52

Health: -6/70      AC: 14    Str: 23    XL:     8   Next: 66%
Magic:  8/8        EV: 13    Int:  8    God:    Wu Jian [......]
Gold:   396        SH:  5    Dex: 12    Spells: 7/7 levels left

rFire   . . .      SeeInvis .   a - +2 long sword
rCold   . . .      Faith    .   b - +0 buckler
rNeg    . . .      Spirit   .   (body armour unavailable)
rPois   .          Reflect  .   (helmet restricted)
rElec   .          Harm     .   (no cloak)
rCorr   .          Rampage  .   l - +1 pair of gloves {Str+3}
Will    .....                   x - +0 pair of boots
Stlth   ++........              (no amulet)
HPRegen 0.21/turn               (no ring)
MPRegen 0.11/turn               (no ring)

@: no status effects
A: AC +11, amphibious, unfitting armour, cold-blooded
a: Renounce Religion


You were on level 6 of the Dungeon.
You worshipped Wu Jian.
Wu Jian was noncommittal.
You visited 1 branch of the dungeon, and saw 6 of its levels.

You collected 418 gold pieces.
You spent 22 gold pieces at shops.

Inventory:

Hand Weapons
 a - a +2 long sword (weapon)
 e - a +2 dagger of draining
Missiles
 A - a throwing net (quivered)
Armour
 b - a +0 buckler (worn)
 l - a +1 pair of gloves of strength (worn)
 x - a +0 pair of boots (worn)
Jewellery
 p - a +4 ring of protection
Wands
 q - a wand of flame (25)
 s - a wand of polymorph (3)
Scrolls
 c - a scroll of magic mapping
 k - 2 scrolls of teleportation
 n - a scroll of noise {unknown}
 v - a scroll of brand weapon {unknown}
 w - a scroll of immolation {unknown}
 y - a scroll of enchant weapon
Potions
 d - 2 potions of mutation {unknown}
 f - 2 potions of cancellation
 g - 2 potions of attraction
 h - 4 potions of curing
 i - a potion of resistance {unknown}
 j - 2 potions of heal wounds {unknown}
 m - a potion of degeneration {unknown}
 o - a potion of berserk rage {unknown}
 r - a potion of magic {unknown}
 t - a potion of haste {unknown}
 u - a potion of brilliance {unknown}
 z - 3 potions of flight {unknown}


   Skills:
 + Level 5.8 Fighting
 + Level 7.4 Long Blades
 + Level 5.6 Dodging
 + Level 2.4 Stealth
 + Level 4.6 Shields
 + Level 0.2 Unarmed Combat


You had 7 spell levels left.
You didn't know any spells.
Your spell library contained the following spells:

 Spells                   Type           Power      Damage    Failure   Level
 Beastly Appendage        Tmut           0%         N/A       50%         1
 Sandblast                Erth           0%         2d4       50%         1
 Summon Small Mammal      Summ           0%         N/A       50%         1
 Passwall                 Tmut/Erth      0%         N/A       63%         2
 Wereblood                Tmut           0%         N/A       63%         2
 Call Canine Familiar     Summ           0%         N/A       86%         3
 Frozen Ramparts          Ice            0%         1d2       86%         3
 Gell's Gravitas          Tloc           0%         N/A       86%         3
 Ozocubu's Armour         Ice            0%         N/A       86%         3
 Spider Form              Tmut/Pois      0%         N/A       86%         3
 Stone Arrow              Conj/Erth      0%         3d7       86%         3
 Summon Guardian Golem    Hex/Summ       0%         N/A       86%         3
 Teleport Other           Tloc           0%         N/A       86%         3
 Summon Forest            Summ/Tloc      0%         N/A       100%        5
 Dispersal                Tloc           0%         N/A       100%        6
 Eringya's Noxious Bog    Tmut/Pois      0%         N/A       100%        6
 Simulacrum               Ice/Necr       0%         N/A       100%        6
 Ozocubu's Refrigeration  Ice            0%         4d5       100%        7
 Summon Hydra             Summ           0%         N/A       100%        7


Dungeon Overview and Level Annotations

Branches:
Dungeon (6/15)
 Temple: D:4-7

Altars:
Ru
Uskayaw
Wu Jian
Yredelemnul
The Shining One

Shops:
D:3 ?

Annotations:
D:5 3 runed translucent doors, DocClef's ghost, novice TeSu


Innate Abilities, Weirdness & Mutations

Your dull iron-grey scales are very hard. (AC +11)
You are amphibious.
You cannot fit into any form of body armour.
You are cold-blooded and may be slowed by cold attacks.


Message History

You lunge at the orc priest.
You hit the orc priest.
The orc priest is lightly wounded.
The orc priest hits you with a +0 trident.
Items here: )) ††.
You barely miss the orc priest.
The orc priest is lightly wounded.
The orc priest hits you with a +0 trident.
You barely miss the orc priest.
The orc priest is lightly wounded.
The orc priest hits you with a +0 trident!
You slash the orc priest!
The orc priest is almost dead.
The orc priest hits you but does no damage.
The orc priest calls upon Beogh to heal the orc priest.
The orc priest is healed somewhat.
You barely miss the orc priest.
The orc priest is heavily wounded.
The orc priest invokes the aid of Beogh against you.
Beogh smites you!
You closely miss the orc priest.
The orc priest is heavily wounded.
The orc priest hits you but does no damage.
You hit the orc priest.
The orc priest is severely wounded.
The orc priest calls down the wrath of Beogh upon you.
Beogh smites you!
* * * LOW HITPOINT WARNING * * *
You hit the orc priest but do no damage.
The orc priest is severely wounded.
The orc priest hits you with a +0 trident.
* * * LOW HITPOINT WARNING * * *
The orc priest begins to cast a cantrip, but forgets the words!
You barely miss the orc priest.
The orc priest is severely wounded.
The orc priest hits you but does no damage.
You closely miss the orc priest.
Your tail-slap misses the orc priest.
The orc priest is severely wounded.
The orc priest calls down the wrath of Beogh upon you.
Beogh smites you!
You die...

#.# #.# #.# #.# ## ##.##
.. ##>..## .## ##)....##
...##
##.......#####.....#
#####..........)@oo.$.).
#............######..#.#
#.#####.....## ... #.#
##...## . #.# ##.## ...
#.#### ### #.# .....###
#.# #.#≈...##
#########.#
#.#≈≈≈..####......##.#


You could see 2 orc priests.

Vanquished Creatures
  A wraith (D:6)
  Eustachio (D:5)
  A water moccasin (D:5)
  A sky beast (D:6)
  A black bear (D:6)
  A centaur (D:6)
  4 scorpions
  2 howler monkeys
  4 hounds
  An orc priest (D:6)
  A gnoll shaman (D:5)
  Jessica (D:2)
  Natasha (twice) (D:2)
  Terence (D:3)
  An iguana (D:4)
  Ijyb (D:4)
  2 orc wizards (D:3)
  Robin (D:4)
  4 gnolls (D:5)
  11 adders
  A white imp (D:4)
  2 worms
  3 dart slugs
  10 orcs
  3 bats
  3 endoplasms
  7 giant cockroaches
  19 goblins
  10 hobgoblins
  5 jackals
  6 kobolds
  9 quokkas
  11 ball pythons
  A frilled lizard (D:1)
  8 rats
140 creatures vanquished.

Notes
Turn   | Place    | Note
-------+----------+-------------------------------------------
     0 | D:1      | xian the Draconian Fighter began the quest for the Orb.
     0 | D:1      | Reached XP level 1. HP: 19/19 MP: 1/1
   601 | D:1      | Reached XP level 2. HP: 26/26 MP: 2/2
  1639 | D:2      | Reached XP level 3. HP: 31/31 MP: 3/3
  1661 | D:2      | Noticed Natasha
  1671 | D:2      | Killed Natasha
  1672 | D:2      | Reached skill level 3 in Long Blades
  1740 | D:2      | Noticed Jessica
  1758 | D:2      | HP: 1/31 [Jessica/+0 dagger (3)]
  1763 | D:2      | Killed Jessica
  1764 | D:2      | Reached XP level 4. HP: 3/40 MP: 4/4
  2096 | D:2      | Noticed Natasha
  2103 | D:2      | Killed Natasha
  2342 | D:2      | Got the Disquisition on Ice
  2522 | D:3      | Reached skill level 1 in Stealth
  2522 | D:3      | Reached XP level 5. HP: 20/43 MP: 5/5
  2773 | D:3      | Reached skill level 4 in Long Blades
  2803 | D:3      | Found Seofootza's Magic Scroll Boutique.
  2810 | D:3      | Bought a scroll of identify for 22 gold pieces
  2813 | D:3      | Noticed Terence
  2837 | D:3      | Killed Terence
  3076 | D:3      | Found a basalt altar of Yredelemnul.
  3202 | D:3      | Found a glowing golden altar of the Shining One.
  3449 | D:4      | Identified a scroll of acquirement
  3449 | D:4      | Acquired a +1 pair of gloves of strength
  3579 | D:4      | Reached XP level 6. HP: 49/52 MP: 6/6
  3735 | D:4      | Found a hide-covered altar of Uskayaw.
  4090 | D:4      | Reached skill level 5 in Long Blades
  4422 | D:4      | Your scales start taking on a dull iron-grey colour.
  4422 | D:4      | Reached XP level 7. HP: 52/60 MP: 7/7
  4521 | D:4      | Noticed Ijyb
  4537 | D:4      | Killed Ijyb
  4976 | D:4      | Noticed Robin
  4987 | D:4      | Killed Robin
  5420 | D:5      | Entered Level 5 of the Dungeon
  5433 | D:5      | Noticed Eustachio
  5487 | D:5      | Killed Eustachio
  5488 | D:5      | Reached skill level 5 in Fighting
  5522 | D:5      | Reached skill level 6 in Long Blades
  5816 | D:5      | Found an ornate altar of the Wu Jian Council.
  5825 | D:5      | Became a worshipper of the Wu Jian Council
  5853 | D:5      | Reached XP level 8. HP: 66/68 MP: 8/8
  5859 | D:5      | Found a runed translucent gate.
  5860 | D:5      | Found a runed translucent gate.
  5861 | D:5      | Found a runed translucent gate.
  5862 | D:5      | Noticed DocClef's ghost (novice TeSu)
  6102 | D:5      | Reached skill level 5 in Dodging
  6501 | D:6      | Reached skill level 7 in Long Blades
  6689 | D:6      | Found a sacrificial altar of Ru.
  7251 | D:6      | Killed from afar by an orc priest

Illustrated notes

Levels and vault maps discovered:
D:1:      dpeg_cavernosity, layout_basic
D:2:      layout_rooms, uniq_natasha, uniq_jessica
D:3:      layout_rooms, nicolae_tso_carved_into_rock, yredelemnul_altar_generic,
          serial_shops, shop_scrolls, hangedman_decor_clover_reticule,
          kennysheep_generic_room_15, uniq_terence
D:4:      kennysheep_goblin_castle, layout_basic, old_standard_altar,
          minmay_fractal_squares_diagonal_5, uniq_robin
D:5:      layout_basic, mainiacjoe_overflow_boulevard,
          gammafunk_ghost_necromancy, uniq_eustachio
D:6:      layout_loops_corners, nicolae_ru_sacrificial_ziggurat,
          grunt_decor_junction

Skill      XL: |  1  2  3  4  5  6  7  8 |
---------------+-------------------------+-----
Dodging        | 3 4 5 |  5.6
Long Blades    | 3 4 5 6 7 |  7.4
Stealth        | 1 2 |  2.4
Fighting       | 4 5 |  5.8
Shields        | 4 |  4.6
Unarmed Combat | |  0.2

Action                   |  1- 3 |  4- 6 |  7- 9 || total
-------------------------+-------+-------+-------++-------
Melee: Long sword        |    97 |   175 |   247 ||   519
       Tailslap          |     7 |    16 |    25 ||    48
       Unarmed           |       |       |    11 ||    11
Invok: Lunge             |       |       |     6 ||     6
  Use: Scroll            |     5 |     6 |     1 ||    12
       Potion            |     1 |     4 |       ||     5
 Stab: Sleeping          |     1 |     1 |     3 ||     5
       Fleeing           |       |       |     1 ||     1
Armor: Skin              |    27 |    85 |   152 ||   264
Dodge: Dodged            |    69 |   143 |   203 ||   415
Block: Buckler           |    22 |    46 |    69 ||   137

Table legend: (Time is in decaauts)
 A = Elapsed time spent in this place.
 B = Non-inter-level travel time spent in this place.
 C = Inter-level travel time spent in this place.
 D = Time resting spent in this place.
 E = Time spent auto-exploring this place.
 F = Levels seen in this place.
 G = Mean time per level.
                   A        B        C        D        E       F      G
               +--------+--------+--------+--------+--------+-----+--------+
         Total |   7369 |   7254 |    115 |    554 |   4946 |   6 | 1228.2 |
       Dungeon |   7369 |   7254 |    115 |    554 |   4946 |   6 | 1228.2 |
               +--------+--------+--------+--------+--------+-----+--------+

Top non-repeatable levels by time:
     D:4: 2013 daAuts
     D:1: 1638 daAuts
     D:3: 975 daAuts
     D:5: 962 daAuts
     D:6: 895 daAuts
     D:2: 883 daAuts
